 Dungeon Crawl Stone Soup version 0.25.0-37-gb73750e0fb (webtiles) character file.

Game seed: 3762125416940136320

41 wojtek the Grave Robber (level 3, -1/24 HPs)
             Began as a Demonspawn Necromancer on July 9, 2020.
             Slain by a kobold
             ... wielding a +0 whip
              (3 damage)
             ... on level 1 of the Dungeon.
             The game lasted 00:02:16 (1482 turns).

wojtek the Grave Robber (Demonspawn Necromancer)    Turns: 1482, Time: 00:02:16

Health: -1/24      AC:  2    Str:  8    XL:     3   Next: 32%
Magic:  2/6        EV: 14    Int: 17    God:
Gold:   71         SH:  0    Dex: 13    Spells: 5/6 levels left

rFire    . . .     SeeInvis .   g - +0 short sword
rCold    . . .     Gourm    .   (no shield)
rNeg     . . .     Faith    .   a - +0 robe
rPois    .         Spirit   .   (no helmet)
rElec    .         Reflect  .   (no cloak)
rCorr    .         Harm     .   (no gloves)
MR       .....                  (no boots)
Stlth    ++........             (no amulet)
HPRegen  0.08/turn              (no ring)
MPRegen  0.10/turn              (no ring)

@: no status effects
A: repulsion field 1
a: no special abilities


You were on level 1 of the Dungeon.
You were not hungry.

You visited 1 branch of the dungeon, and saw 1 of its levels.

You collected 71 gold pieces.

Inventory:

Hand Weapons
 g - a +0 short sword (weapon)
Missiles
 d - 38 stones (quivered)
Armour
 a - a +0 robe (worn)
Scrolls
 b - a scroll of noise {unknown}
 h - 3 scrolls of identify {unknown}
 i - a scroll of remove curse {unknown}
Potions
 e - a potion of cancellation {unknown}
 j - a potion of heal wounds {unknown}
 k - a potion of invisibility {unknown}
Comestibles
 c - 2 rations
 f - 3 chunks of flesh


   Skills:
 - Level 1.7 Dodging
 - Level 1.7 Stealth
 - Level 2.0 Spellcasting
 + Level 5.7 Necromancy


You had 5 spell levels left.
You knew the following spells:

 Your Spells              Type           Power        Failure   Level  Hunger
a - Pain                  Necr           ###.         1%          1    #......

Your spell library contained the following spells:

 Spells                   Type           Power        Failure   Level  Hunger
 Animate Skeleton         Necr           N/A          1%          1    #......
 Vampiric Draining        Necr           ###.......   5%          3    ###....
 Animate Dead             Necr           N/A          19%         4    #####..
 Agony                    Necr           ###.....     45%         5    ######.


Dungeon Overview and Level Annotations

Branches:
Dungeon (1/15)

Altars:


Innate Abilities, Weirdness & Mutations

You are surrounded by a mild repulsion field. (EV +2)


Message History

Aim: a goblin, wielding a +0 dagger (moderately wounded, chance to defeat MR: 91%)
The goblin writhes in agony!
You kill the goblin!
The kobold completely misses you.
Casting: Pain (safe; 1% risk of failure)
Confirm with . or Enter, or press ? or * to list all spells.
Aiming: Pain (safe; 1% risk of failure)
Press: ? - help, Shift-Dir - straight line, f - kobold
Aim: a kobold, wielding a +0 whip (chance to defeat MR: 91%)
The kobold barely resists.
The kobold hits you with a +0 whip!
You barely miss the kobold. The kobold hits you with a +0 whip.
* * * LOW HITPOINT WARNING * * *
You barely miss the kobold. The kobold misses you.
You hit the kobold but do no damage. The kobold misses you.
The kobold hits you with a +0 whip.
* * * LOW HITPOINT WARNING * * *
Really walk into that dispersal trap?
You enter a dispersal trap!
The kobold blinks! x2; You blink.
The kobold hits you with a +0 whip.
You die...

..................)......
..
##.##############.......#
##. .#.# ##...).....# #.
)#.### #...#.###### #.
.#...# #...#.# #. .###.#
#...#.# #. .....#
####...#.# ..####
#.....§#.# ..# ##
#.###.@.§####### ..##≈##
###.#####K≈≈≈§≈≈≈#
..##≈.#
#...#....≈......##
..##≈.#.#.###.≈≈≈≈.######
..##≈.#.#.#...≈.........#
..##≈.#.#.#.≈≈≈.#########
....≈.#.#...≈....÷......#
###.≈...#.≈≈≈.≈≈≈≈≈.###.#
#.≈≈≈.#.≈...≈...≈...#


You could see a kobold.

Vanquished Creatures
  A dart slug (D:1)
  A leopard gecko (D:1)
  A giant cockroach (D:1)
  3 goblins (D:1)
  2 hobgoblins (D:1)
  7 jackals (D:1)
  9 bats (D:1)
  4 frilled lizards (D:1)
  3 kobolds (D:1)
  4 rats (D:1)
35 creatures vanquished.

Notes
Turn   | Place    | Note
-------+----------+-------------------------------------------
     0 | D:1      | wojtek the Demonspawn Necromancer began the quest for the
                  | Orb.
     0 | D:1      | Reached XP level 1. HP: 13/13 MP: 3/3
   331 | D:1      | Gained mutation: You are surrounded by a mild repulsion
                  | field. (EV +2) [demonic ancestry]
   331 | D:1      | Reached XP level 2. HP: 17/19 MP: 3/5
   403 | D:1      | Reached skill level 5 in Necromancy
  1073 | D:1      | Reached XP level 3. HP: 24/24 MP: 6/6
  1482 | D:1      | Slain by a kobold

Illustrated notes

Levels and vault maps discovered:
D:1:      psy_arrival_radial02, layout_basic, minmay_small_reverse_x

Skill      XL: |  1  2 |
---------------+-------+-----
Necromancy     | 5 |  5.7
Dodging        | |  1.7
Stealth        | |  1.7
Spellcasting   | |  2.0

Action                   || total
-------------------------++-------
Melee: Short sword       ||    67
 Cast: Pain              ||    35
 Stab: Sleeping          ||     3
  Eat: Chunk             ||     2
Armor: Robe              ||    30
Dodge: Dodged            ||    83
